AA
CLEBURNE RAILROADERS @ GARY SOUTHSHORE RAILCATS
08/10/2098
 
TOP OF THE 1ST
Kansas City T-Bones batting - Pitching for Chicago Dogs : RHP Matt Harlan
Pitching: RHP Matt Harlan
Batting: RHB Tyler Barker 0-0: Called Strike
0-1: Ground out 4-3 (Groundball, 4, EV 105.6 MPH)
Batting: RHB Ernie Broussard 0-0: SINGLE (Groundball, 4MD, EV 110.0 MPH) (infield hit)
Batting: SHB Ricardo Trejo 0-0: Ball
1-0: Ball
2-0: Swinging Strike
2-1: Swinging Strike
2-2: Ball
3-2: Fly out, F7 (Flyball, 78M, EV 95.6 MPH)
Batting: LHB Matt Doucette 0-0: Ball
1-0: Called Strike
1-1: Ball
2-1: Foul Ball, location: 7LDF
2-2: Ball
3-2: Strikes out swinging
Top of the 1st over - 0 runs, 1 hit, 0 errors, 1 left on base; Kansas City 0 - Chicago 0
BOTTOM OF THE 1ST
Chicago Dogs batting - Pitching for Kansas City T-Bones : RHP Manny Alzamora
Pitching: RHP Manny Alzamora
Batting: RHB Jose Carreon 0-0: Called Strike
0-1: Ground out 4-3 (Groundball, 34, EV 105.6 MPH)
Batting: RHB Juan Salazar 0-0: Called Strike
0-1: Swinging Strike
0-2: Foul Ball, location: 2F
0-2: Ball
1-2: Ball
2-2: Ground out 5-3 (Groundball, 56S, EV 67.5 MPH)
Batting: LHB Tyler Chadick 0-0: Ball
1-0: Swinging Strike
1-1: Fly out, F1 (Popup, P, EV 90.6 MPH)
Bottom of the 1st over - 0 runs, 0 hits, 0 errors, 0 left on base; Kansas City 0 - Chicago 0
TOP OF THE 2ND
Kansas City T-Bones batting - Pitching for Chicago Dogs : RHP Matt Harlan
Batting: LHB Daniel Mosley 0-0: Ball
1-0: SOLO HOME RUN (Flyball, 9D, EV 95.6 MPH), Distance : 349 ft
Batting: LHB Dave Boe 0-0: Called Strike
0-1: Called Strike
0-2: Foul Ball, location: 25F
0-2: Ball
1-2: Ball
2-2: Strikes out swinging
Batting: SHB Jose Arroyo 0-0: Ball
1-0: Swinging Strike
1-1: Foul Ball, location: 5FF
1-2: Foul Ball, location: 25F
1-2: SINGLE (Line Drive, 6MD, EV 104.4 MPH)
Batting: RHB Hector Cano 0-0: Grounds into double play, 5-4-3 (Groundball, 56S, EV 83.1 MPH)
Top of the 2nd over - 1 run, 2 hits, 0 errors, 0 left on base; Kansas City 1 - Chicago 0
BOTTOM OF THE 2ND
Chicago Dogs batting - Pitching for Kansas City T-Bones : RHP Manny Alzamora
Batting: LHB Ray Glaser 0-0: Called Strike
0-1: Swinging Strike
0-2: Strikes out swinging
Batting: SHB Eric Hatfield 0-0: Ball
1-0: SOLO HOME RUN (Flyball, 9D, EV 90.6 MPH), Distance : 345 ft
Batting: RHB Evan Sweetland 0-0: Ball
1-0: Called Strike
1-1: Called Strike
1-2: Foul Ball, location: 2F
1-2: Ball
2-2: Strikes out swinging
Batting: RHB Matt Carter 0-0: Called Strike
0-1: Ball
1-1: SOLO HOME RUN (Flyball, 89XD, EV 95.0 MPH), Distance : 375 ft
Batting: RHB Masashi Emoto 0-0: Ball
1-0: Swinging Strike
1-1: Foul Ball, location: 9LDF
1-2: Strikes out swinging
Bottom of the 2nd over - 2 runs, 2 hits, 0 errors, 0 left on base; Kansas City 1 - Chicago 2
TOP OF THE 3RD
Kansas City T-Bones batting - Pitching for Chicago Dogs : RHP Matt Harlan
Batting: RHB Nick Siguencia 0-0: Ball
1-0: Called Strike
1-1: Fly out, F8 (Flyball, 78M, EV 97.5 MPH)
Batting: RHB Tyler Barker 0-0: Ball
1-0: Called Strike
1-1: TRIPLE (Line Drive, 7LD, EV 107.5 MPH)
Batting: RHB Ernie Broussard 0-0: Ball
1-0: Ball
2-0: Ball
3-0: Base on Balls
Batting: SHB Ricardo Trejo 0-0: Called Strike
0-1: Ball
1-1: Swinging Strike
1-2: Ball
2-2: Strikes out swinging
Batting: LHB Matt Doucette 0-0: Fly out, F3 (Popup, 3SF, EV 84.4 MPH)
Top of the 3rd over - 0 runs, 1 hit, 0 errors, 2 left on base; Kansas City 1 - Chicago 2
BOTTOM OF THE 3RD
Chicago Dogs batting - Pitching for Kansas City T-Bones : RHP Manny Alzamora
Batting: RHB Miguel Martinez 0-0: Swinging Strike
0-1: Fly out, F1 (Line Drive, P, EV 63.8 MPH)
Batting: RHB Jose Carreon 0-0: Called Strike
0-1: SINGLE (Groundball, 3D, EV 95.0 MPH)
Batting: RHB Juan Salazar 0-0: Called Strike
0-1: Ball
1-1: Ball
2-1: Foul Ball, location: 2F
2-2: Strikes out looking
Batting: LHB Tyler Chadick 0-0: Ball
1-0: Called Strike
1-1: Swinging Strike
1-2: Foul Ball, location: 7LMF
1-2: Fly out, F8 (Flyball, 78M, EV 94.4 MPH)
Bottom of the 3rd over - 0 runs, 1 hit, 0 errors, 1 left on base; Kansas City 1 - Chicago 2
TOP OF THE 4TH
Kansas City T-Bones batting - Pitching for Chicago Dogs : RHP Matt Harlan
Batting: LHB Daniel Mosley 0-0: Swinging Strike
0-1: Ball
1-1: Called Strike
1-2: Strikes out looking
Batting: LHB Dave Boe 0-0: Called Strike
0-1: Foul Ball, location: 23F
0-2: Foul Ball, location: 2F
0-2: Ball
1-2: Ground out 1-3 (Groundball, 13S, EV 76.9 MPH)
Batting: SHB Jose Arroyo 0-0: Swinging Strike
0-1: Ball
1-1: Foul Ball, location: 7LSF
1-2: Ball
2-2: Ball
3-2: Strikes out swinging
Top of the 4th over - 0 runs, 0 hits, 0 errors, 0 left on base; Kansas City 1 - Chicago 2
BOTTOM OF THE 4TH
Chicago Dogs batting - Pitching for Kansas City T-Bones : RHP Manny Alzamora
Batting: LHB Ray Glaser 0-0: Foul Ball, location: 2F
0-1: Foul Ball, location: 5F
0-2: Strikes out swinging
Batting: SHB Eric Hatfield 0-0: Called Strike
0-1: Ball
1-1: Foul Ball, location: 3FF
1-2: Foul Ball, location: 7LDF
1-2: Foul Ball, location: 2F
1-2: Foul Ball, location: 7LSF
1-2: Ground out 5-3 (Groundball, 5, EV 85.0 MPH)
Batting: RHB Evan Sweetland 0-0: Called Strike
0-1: Foul Ball, location: 7LSF
0-2: DOUBLE (Line Drive, 9LD, EV 102.5 MPH)
Batting: RHB Matt Carter 0-0: Swinging Strike
0-1: Foul Ball, location: 9LMF
0-2: Ball
1-2: Ball
2-2: Strikes out swinging
Bottom of the 4th over - 0 runs, 1 hit, 0 errors, 1 left on base; Kansas City 1 - Chicago 2
TOP OF THE 5TH
Kansas City T-Bones batting - Pitching for Chicago Dogs : RHP Matt Harlan
Batting: RHB Hector Cano 0-0: Called Strike
0-1: Ball
1-1: Foul Ball, location: 9LSFF
1-2: Ball
2-2: Ground out 5-3 (Groundball, 56S, EV 84.4 MPH)
Batting: RHB Nick Siguencia 0-0: Called Strike
0-1: Ball
1-1: Foul Ball, location: 3DF
1-2: Ball
2-2: Ball
3-2: Ground out 5-3 (Groundball, 56, EV 90.6 MPH)
Batting: RHB Tyler Barker 0-0: Ball
1-0: Ball
2-0: Foul Ball, location: 9LMF
2-1: Called Strike
2-2: Ball
3-2: Ground out 4-3 (Groundball, 34, EV 95.0 MPH)
Top of the 5th over - 0 runs, 0 hits, 0 errors, 0 left on base; Kansas City 1 - Chicago 2
BOTTOM OF THE 5TH
Chicago Dogs batting - Pitching for Kansas City T-Bones : RHP Manny Alzamora
Batting: RHB Masashi Emoto 0-0: Ball
1-0: Swinging Strike
1-1: Ball
2-1: Foul Ball, location: 23F
2-2: Ball
3-2: Fly out, F9 (Flyball, 9D, EV 96.9 MPH)
Batting: RHB Miguel Martinez 0-0: Ball
1-0: Foul Ball, location: 23F
1-1: Ball
2-1: Foul Ball, location: 25F
2-2: Ball
3-2: Base on Balls
Batting: RHB Jose Carreon 0-0: Swinging Strike
0-1: Swinging Strike
0-2: Ball
1-2: Strikes out looking
Batting: RHB Juan Salazar 0-0: Ball
1-0: Fly out, F6 (Line Drive, 6, EV 74.4 MPH)
Bottom of the 5th over - 0 runs, 0 hits, 0 errors, 1 left on base; Kansas City 1 - Chicago 2
TOP OF THE 6TH
Kansas City T-Bones batting - Pitching for Chicago Dogs : RHP Matt Harlan
Batting: RHB Ernie Broussard 0-0: Ball
1-0: Ball
2-0: Foul Ball, location: 2F
2-1: Ball
3-1: Base on Balls
Batting: SHB Ricardo Trejo 0-0: Ball
1-0: Ball
Ernie Broussard steals 2nd base
2-0: Foul Ball, location: 2F
2-1: Fly out, F8 (Flyball, 8RXD, EV 103.8 MPH)
Runner from 2nd tags up, SAFE at 3rd, no throw by CF
Batting: LHB Matt Doucette 0-0: Fly out, F7 (Flyball, 7S, EV 90.0 MPH)
Batting: LHB Daniel Mosley 0-0: Foul Ball, location: 2F
0-1: Ball
1-1: Foul Ball, location: 9LMF
1-2: Ball
2-2: Ball
3-2: Base on Balls
Pitching: RHP Eric Johnson
Batting: LHB Dave Boe 0-0: Ball
1-0: Ball
2-0: Swinging Strike
2-1: Foul Ball, location: 2F
2-2: Strikes out swinging
Top of the 6th over - 0 runs, 0 hits, 0 errors, 2 left on base; Kansas City 1 - Chicago 2
BOTTOM OF THE 6TH
Chicago Dogs batting - Pitching for Kansas City T-Bones : RHP Manny Alzamora
Batting: LHB Tyler Chadick 0-0: Foul Ball, location: 2F
0-1: Ball
1-1: Ball
2-1: Fly out, F8 (Flyball, 8LXD, EV 93.8 MPH)
Pitching: RHP John Davis
Batting: LHB Ray Glaser 0-0: Foul Ball, location: 2F
0-1: Fly out, F7 (Line Drive, 7S, EV 86.9 MPH)
Batting: SHB Eric Hatfield 0-0: Foul Ball, location: 9LDF
0-1: SINGLE (Line Drive, 8RS, EV 96.3 MPH)
Batting: RHB Evan Sweetland 0-0: Ball
1-0: Ball
2-0: Ball
3-0: Called Strike
3-1: Swinging Strike
3-2: Foul Ball, location: 25F
3-2: Strikes out swinging
Bottom of the 6th over - 0 runs, 1 hit, 0 errors, 1 left on base; Kansas City 1 - Chicago 2
TOP OF THE 7TH
Kansas City T-Bones batting - Pitching for Chicago Dogs : RHP Eric Johnson
Batting: SHB Jose Arroyo 0-0: Foul Ball, location: 25F
0-1: Ball
1-1: Called Strike
1-2: Foul Ball, location: 7LSF
1-2: Fly out, F8 (Flyball, 8LM, EV 75.6 MPH)
Batting: RHB Hector Cano 0-0: Ball
1-0: Swinging Strike
1-1: Swinging Strike
1-2: Strikes out swinging
Batting: RHB Nick Siguencia 0-0: Swinging Strike
0-1: Ball
1-1: Called Strike
1-2: Ball
2-2: Strikes out looking
Top of the 7th over - 0 runs, 0 hits, 0 errors, 0 left on base; Kansas City 1 - Chicago 2
BOTTOM OF THE 7TH
Chicago Dogs batting - Pitching for Kansas City T-Bones : RHP John Davis
Batting: RHB Matt Carter 0-0: Called Strike
0-1: Ground out 6-3 (Groundball, 6, EV 78.8 MPH)
Batting: RHB Masashi Emoto 0-0: Called Strike
0-1: Fly out, F8 (Flyball, 8LS, EV 97.5 MPH)
Batting: RHB Miguel Martinez 0-0: Swinging Strike
0-1: Ball
1-1: Called Strike
1-2: Strikes out swinging
Bottom of the 7th over - 0 runs, 0 hits, 0 errors, 0 left on base; Kansas City 1 - Chicago 2
TOP OF THE 8TH
Kansas City T-Bones batting - Pitching for Chicago Dogs : RHP Eric Johnson
Pitching: RHP Josh Miller
Batting: RHB Tyler Barker 0-0: Ball
1-0: Fly out, F8 (Flyball, 8LS, EV 96.9 MPH)
Batting: RHB Ernie Broussard 0-0: Swinging Strike
0-1: Called Strike
0-2: Foul Ball, location: 23F
0-2: Strikes out swinging
Batting: SHB Ricardo Trejo 0-0: Ground out U3 (Groundball, 3L, EV 86.9 MPH)
Top of the 8th over - 0 runs, 0 hits, 0 errors, 0 left on base; Kansas City 1 - Chicago 2
BOTTOM OF THE 8TH
Chicago Dogs batting - Pitching for Kansas City T-Bones : RHP John Davis
Batting: RHB Jose Carreon 0-0: Ball
1-0: Swinging Strike
1-1: Ball
2-1: Called Strike
2-2: Foul Ball, location: 3FF
2-2: Foul Ball, location: 5F
2-2: TRIPLE (Line Drive, 89XD, EV 107.5 MPH)
Batting: RHB Juan Salazar 0-0: Called Strike
0-1: Foul Ball, location: 5FF
0-2: Ball
1-2: Ground out 4-3 (Groundball, 4, EV 107.5 MPH)
Pitching: RHP Francisco de Lira
Batting: LHB Tyler Chadick 0-0: Called Strike
0-1: Ball
1-1: Foul Ball, location: 3FF
1-2: Ball
2-2: Foul Ball, location: 3F
2-2: Ball
3-2: Foul Ball, location: 9LMF
3-2: Strikes out looking
Batting: LHB Ray Glaser 0-0: Ball
1-0: Called Strike
1-1: Swinging Strike
1-2: Strikes out swinging
Bottom of the 8th over - 0 runs, 1 hit, 0 errors, 1 left on base; Kansas City 1 - Chicago 2
TOP OF THE 9TH
Kansas City T-Bones batting - Pitching for Chicago Dogs : RHP Josh Miller
Batting: LHB Matt Doucette 0-0: Foul Ball, location: 2F
0-1: Ground out 6-3 (Groundball, 6, EV 90.0 MPH)
Batting: LHB Daniel Mosley 0-0: Foul Ball, location: 2F
0-1: Ball
1-1: Called Strike
1-2: Strikes out swinging
Batting: LHB Dave Boe 0-0: Ball
1-0: SINGLE (Groundball, 6MD, EV 102.5 MPH)
Pinch Hitting: LHB Tom Lawson 0-0: Swinging Strike
0-1: Swinging Strike
0-2: Ball
1-2: Ball
2-2: Foul Ball, location: 3FF
2-2: Strikes out swinging
Top of the 9th over - 0 runs, 1 hit, 0 errors, 1 left on base; Kansas City 1 - Chicago 2
Friday, April 12th , 2024 - OOTP Baseball 24.11 Build 85